 Dungeon Crawl Stone Soup version 0.30-a0-1075-gcd70e7a56d (webtiles) character file.

Game seed: 16302407303559911565

0 Esekla the Sneak (level 1, -5/16 HPs)
             Began as an Octopode Delver on Apr 14, 2023.
             Succumbed to a water moccasin's poison
             ... on level 5 of the Dungeon.
             The game lasted 00:01:07 (83 turns).

Esekla the Sneak (Octopode Delver)                    Turns: 83, Time: 00:01:07

Health: -5/16      AC:  1    Str: 11    XL:     1   Next: 0%
Magic:  1/1        EV: 13    Int: 12    God:
Gold:   8          SH:  0    Dex: 13    Spells: 0/0 levels left

rFire   . . .      SeeInvis .    a - +0 falchion
rCold   . . .      Faith    .    (no shield)
rNeg    . . .      Spirit   .    (helmet restricted)
rPois   .          Reflect  .    (no amulet)
rElec   .          Rampage  .    (no ring)
rCorr   .                        (no ring)
Will    .....                    (no ring)
Stlth   ++++                     (no ring)
HPRegen 0.22/turn                (no ring)
MPRegen 0.07/turn                (no ring)
                                 (no ring)
                                 (no ring)

@: lethally poisoned (-5 -> -26)
A: almost no armour, amphibious, 8 rings, camouflage 1, gelatinous body 1,
(nimble swimmer 1), tentacles
a: no special abilities


You were on level 5 of the Dungeon.
You visited 1 branch of the dungeon, and saw 1 of its levels.

You collected 8 gold pieces.

Inventory:

Hand Weapons
 a - a +0 falchion (weapon)
Missiles
 h - 3 boomerangs (quivered)
Jewellery
 g - an amulet of reflection
Wands
 f - a wand of digging (3)
Scrolls
 b - a scroll of fog
 c - a scroll of enchant weapon {unknown}
 d - a scroll of identify {unknown}
Potions
 e - a potion of haste


   Skills:
 * Level 3.0 Fighting
 * Level 2.0 Long Blades
 * Level 2.0 Dodging
 + Level 6.6 Stealth


You couldn't memorise any spells.
You didn't know any spells.
Your spell library was empty.

Dungeon Overview and Level Annotations

Branches:
Dungeon (5/15)
 Temple: D:4-7

Altars:

Shops:
D:5 !


Innate Abilities, Weirdness & Mutations

You cannot wear most types of armour.
You are amphibious.
You can wear up to eight rings at the same time.
Your skin changes colour to match your surroundings (Stealth+).
Your rubbery body absorbs attacks. (AC +1, EV +1)
((You are camouflaged when in or above water. (Stealth+)))
You have tentacles for arms and can constrict up to eight enemies at once.


Message History

There is an entrance to Iboj's Distillery here.
You can access your shopping list by pressing '$'.
A water moccasin is nearby!
A water moccasin is nearby!
A water moccasin is nearby!
You barely miss the water moccasin. You grab the water moccasin.
You squeeze the water moccasin!
The water moccasin is moderately wounded.
You constrict the water moccasin, but do no damage.
The water moccasin bites you.
You are lethally poisoned!
The water moccasin poisons you!
You hit the water moccasin but do no damage.
You squeeze the water moccasin, but do no damage.
The water moccasin is moderately wounded.
You constrict the water moccasin.
You feel very sick.
The water moccasin bites you but does no damage.
The water moccasin barely misses you.
You hit the water moccasin.
The water moccasin is severely wounded.
You constrict the water moccasin.
You feel very sick. The water moccasin barely misses you.
You hit the water moccasin.
The water moccasin is severely wounded.
You constrict the water moccasin.
You feel sick.
The water moccasin closely misses you. x2
You hit the water moccasin but do no damage.
The water moccasin is severely wounded.
You constrict the water moccasin.
* * * LOW HITPOINT WARNING * * *
You feel sick. The water moccasin closely misses you.
The water moccasin bites you.
* * * LOW HITPOINT WARNING * * *
You are more poisoned.
The water moccasin poisons you!
You slash the water moccasin!
You kill the water moccasin!
You die...

########### ******** #########
#.........# *,,,,,,* #.......#
#.........# *,,,,,,* #.......#
#.........# *,,,,,,* #....[..#
#.........# *,,,,,,* #.......#
#####.###.### *,,,,,,* #.......#
#####.###...#
*,,,,,,**#.[...@†###............
*,,,,,,,,#...........###.#######
*,,,,,,*,#$.......#### #.#
*,,,,,,,..........# #.# ***
********..#####...#****#.# *,*
****#** ##...,,,*#.#**,**
**,,8,,** *#.###*,,#.#,,,,*
**8,,,,,8****..# **,..#,**,*
*,,,,,,,,,*,,.#* **,,*,**,*


There were no monsters in sight!

Vanquished Creatures
  A water moccasin (D:5)
1 creature vanquished.

Notes
Turn   | Place    | Note
-------+----------+-------------------------------------------
     0 | D:5      | Esekla the Octopode Delver began the quest for the Orb.
     0 | D:5      | Reached XP level 1. HP: 16/16 MP: 1/1
    50 | D:5      | Noticed a water moccasin
    73 | D:5      | Found Iboj's Distillery.
    83 | D:5      | Killed a water moccasin
    83 | D:5      | Succumbed to a water moccasin's poison

Illustrated notes

Levels and vault maps discovered:
D:5:      layout_rooms, serial_shops, shop, gammafunk_ghost_cemetery

Action                     || total
---------------------------++-------
  Melee: Falchion          ||     6
         Tentacles         ||     2
         Constrict         ||     1
    Use: Scroll            ||     2
 Armour: Skin              ||     1
  Dodge: Dodged            ||     7

Table legend: (Time is in decaauts)
 A = Elapsed time spent in this place.
 B = Non-inter-level travel time spent in this place.
 C = Inter-level travel time spent in this place.
 D = Time resting spent in this place.
 E = Time spent auto-exploring this place.
 F = Levels seen in this place.
 G = Mean time per level.
                   A        B        C        D        E       F      G
               +--------+--------+--------+--------+--------+-----+--------+
         Total |     84 |     84 |      0 |      0 |      0 |   1 |   84.0 |
       Dungeon |     84 |     84 |      0 |      0 |      0 |   1 |   84.0 |
               +--------+--------+--------+--------+--------+-----+--------+

Top non-repeatable levels by time:
     D:5: 84 daAuts
